 Dungeon Crawl Stone Soup version 0.26.0-15-gc6cd9f7 (webtiles) character file.

Game seed: 8771362196529102738

11454 skewfiend the Blocker (level 11, 0/88 (89) HPs)
             Began as a Gnoll Fighter on Jan 18, 2021.
             Was a Priest of Okawaru.
             Killed from afar by Psyche (4 damage)
             ... with a puff of frost
             ... while petrified by Psyche
             ... on level 10 of the Dungeon on Jan 23, 2021.
             The game lasted 00:59:08 (15213 turns).

skewfiend the Blocker (Gnoll Fighter)              Turns: 15213, Time: 00:59:10

HP:   0/88 (89)     AC:  0    Str: 20    XL:     11   Next: 78%
MP:   18/20         EV:  5    Int: 12    God:    Okawaru [***...]
Gold: 472           SH:  0    Dex: 20    Spells: 22/23 levels left

rFire    . . .     SeeInvis .     - Unarmed
rCold    . . .     Faith    .   (shield currently unavailable)
rNeg     + + +     Spirit   .   (armour currently unavailable)
rPois    ∞         Reflect  .   (helmet currently unavailable)
rElec    .         Harm     .   (cloak currently unavailable)
rCorr    .         Rampage  .   (gloves currently unavailable)
Will     .....     Clarity  +   (boots currently unavailable)
Stlth    ++++......             i - amulet of the acrobat
HPRegen  0.24/turn              (ring currently unavailable)
MPRegen  0.17/turn              (ring currently unavailable)

@: bat-form, petrified, flying, slowed, lightly drained, very quick
A: tiny, distributed training, clarity, strong nose
a: Stop Flying, Renounce Religion, Heroism


You were on level 10 of the Dungeon.
You worshipped Okawaru.
Okawaru was most pleased with you.
You were in bat-form.
You visited 3 branches of the dungeon, and saw 13 of its levels.
You also visited: Ossuary.

You collected 732 gold pieces.
You spent 260 gold pieces at shops.

Inventory:

Hand Weapons
 a - a +1 war axe of flaming (melded)
 b - a +1 hunting sling of flaming
 c - a +2 vorpal hand axe
Missiles
 g - 289 stones (quivered)
 h - 54 poisoned darts
 l - 91 sling bullets
 n - 2 throwing nets
 P - 11 boomerangs
Armour
 I - a +0 plate armour (melded)
 J - a +0 kite shield (melded)
 L - the cursed -2 cloak of the Shore (melded) {Rampage rF+ Will+ Stlth+}
   (You found it on level 6 of the Dungeon)

   It protects you from fire.
   It affects your willpower, your defense against some magical effects.
   It bestows one free step when moving towards enemies.
   It makes you more stealthy.
   It has a curse placed upon it.
 Y - a +2 pair of boots of flying (melded)
 Z - a +0 pair of gloves (melded)
Jewellery
 d - an uncursed amulet of reflection {unknown}
 i - an amulet of the acrobat (around neck)
 o - a ring of resist corrosion (melded)
 E - a ring of stealth (melded)
Wands
 e - a wand of polymorph (4)
 r - a wand of random effects (50)
 v - a wand of disintegration (11)
 G - a wand of iceblast (5)
 Q - a wand of paralysis (8)
Scrolls
 f - a scroll of fog {unknown}
 m - 8 scrolls of remove curse
 p - a scroll of magic mapping
 q - 7 scrolls of blinking
 z - a scroll of fear
 S - a scroll of silence
 U - a scroll of teleportation
Potions
 j - 11 potions of curing
 u - 2 potions of heal wounds
 w - a potion of ambrosia
 x - 2 potions of cancellation
 A - 3 potions of invisibility
 D - 3 potions of might
 H - a potion of berserk rage
 W - a potion of resistance


   Skills:
 + Level 9.4 Fighting
 + Level 6.6 Short Blades
 + Level 6.6 Long Blades
 + Level 8.1 Axes
 + Level 6.6 Maces & Flails
 + Level 6.6 Polearms
 + Level 6.6 Staves
 + Level 6.6 Slings
 + Level 6.6 Bows
 + Level 6.6 Crossbows
 + Level 6.6 Throwing
 + Level 9.4 Armour
 + Level 6.6 Dodging
 + Level 6.6 Stealth
 + Level 9.4 Shields
 + Level 6.6 Unarmed Combat
 + Level 6.6 Spellcasting
 + Level 5.5 Conjurations
 + Level 5.5 Hexes
 + Level 5.5 Summonings
 + Level 5.5 Necromancy
 + Level 5.5 Translocations
 + Level 5.5 Transmutations
 + Level 5.5 Fire Magic
 + Level 5.5 Ice Magic
 + Level 5.5 Air Magic
 + Level 5.5 Earth Magic
 + Level 5.5 Poison Magic
 + Level 7.2 Invocations
 + Level 6.6 Evocations


You had 22 spell levels left.
You knew the following spells:

 Your Spells              Type           Power        Failure   Level
a - Corona                Hex            18%          1%          1

Your spell library contained the following spells:

 Spells                   Type           Power        Failure   Level
 Animate Skeleton         Necr           34%          1%          1
 Apportation              Tloc           34%          1%          1
 Summon Small Mammal      Summ           68%          1%          1
 Confusing Touch          Hex            17%          5%          3
 Gell's Gravitas          Tloc           8%           5%          3
 Cause Fear               Hex            8%           19%         4
 Petrify                  Tmut/Erth      17%          19%         4
 Metabolic Englaciation   Hex/Ice        8%           45%         5
 Silence                  Hex/Air        8%           45%         5
 Yara's Violent Unravell  Hex/Tmut       8%           45%         5
 Discord                  Hex            8%           100%        8


Dungeon Overview and Level Annotations

Branches:
Dungeon (11/15)            Temple (1/1) D:7            Lair (1/6) D:10
    Orc (0/2) D:10        Ossuary (visited)

Altars:
Ashenzari
Cheibriados
Dithmenos
Elyvilon
Fedhas
Gozag
Hepliaklqana
Kikubaaqudgha
Makhleb
Nemelex Xobeh
Okawaru
Qazlal
Ru
Sif Muna
Trog
Uskayaw
Vehumet
Yredelemnul
Zin

Shops:
D:6 :   D:10 [(

Annotations:
D:2 2 transporters
D:10 2 runed translucent doors
D:11 Psyche


Innate Abilities, Weirdness & Mutations

Your experience applies equally to all skills.
((You have very sharp teeth.))
Your uncanny sense of smell can sniff out nearby items.
((You are partially covered in molten scales. (AC +2)))
You possess an exceptional clarity of mind.


Message History

Something hits you!
You are electrocuted!
Something hits you!
* * * LOW HITPOINT WARNING * * *
Something burns you.
* * * LOW HITPOINT WARNING * * *
Something hits you!
* * * LOW HITPOINT WARNING * * *
You are electrocuted!
* * * LOW HITPOINT WARNING * * *
Something hits you.
* * * LOW HITPOINT WARNING * * *
Something hits you. Something burns you. Something hits you.
* * * LOW HITPOINT WARNING * * *
You feel your power leaking away. Something hits you!
* * * LOW HITPOINT WARNING * * *
You feel yourself slow down.
You hear some strange, mumbled words.
A puff of frost appears from out of thin air!
The puff of frost hits you!
You die...

#...#######............
###....................
#....................
#....................
#................####
#................#
#................#
#................#
#..{b###########.####
#....# #..... #######....#
#..... #..........# #..###
#..........###########..#..
#####...................#..
#...................#..
#...................###
#......................


There were no monsters in sight!

Vanquished Creatures
  2 two-headed ogres
  An oklob plant (D:10)
  2 trolls (D:9)
  A hellwing (D:3)
  A wyvern (D:10)
  13 yaks
  2 sky beasts
  An eye of draining (D:10)
  7 orc warriors
  2 ice beasts
  A boggart (D:7)
  2 necrophages
  2 phantoms (D:10)
  A black bear (D:7)
  9 ogres
  5 centaurs
  3 wolves (Lair:1)
  Blork the orc (D:4)
  3 bullfrogs
  5 gnoll sergeants
  6 water moccasin zombies (Ossuary)
  5 scorpions
  A water moccasin skeleton (D:10)
  3 wights
  2 howler monkeys
  2 centaur zombies
  2 jellies
  A bullfrog zombie (D:9)
  17 hounds
  3 gnoll shamans
  A bullfrog skeleton (D:9)
  5 orc priests
  14 orc wizards
  5 iguanas
  Ijyb (D:3)
  17 worker ants
  A killer bee zombie (D:10)
  5 big kobold zombies (Ossuary)
  2 hound skeletons
  2 mummies (Ossuary)
  2 worker ant zombies
  28 gnolls
  A howler monkey skeleton (D:5)
  7 adders
  2 shadow imps
  4 white imps
  2 oozes
  3 adder zombies (Ossuary)
  3 adder skeletons (D:7)
  5 worms
  2 dart slugs (D:2)
  5 leopard geckos
  61 orcs
  11 bats
  3 giant cockroaches
  A gnoll zombie (Ossuary)
  15 goblins
  8 hobgoblins
  7 jackals
  13 kobolds
  5 quokkas
  A ball python (D:2)
  6 frilled lizards
  4 hobgoblin zombies (Ossuary)
  4 kobold zombies (Ossuary)
  An orc zombie (Ossuary)
  11 rats
374 creatures vanquished.

Vanquished Creatures (others)
  2 gnolls (D:6)
  A gnoll zombie (Ossuary)
  A fungus (Lair:1)
  29 plants
33 creatures vanquished.

Grand Total: 407 creatures vanquished

Notes
Turn   | Place    | Note
-------+----------+-------------------------------------------
     0 | D:1      | skewfiend the Gnoll Fighter began the quest for the Orb.
     0 | D:1      | Reached XP level 1. HP: 23/23 MP: 1/1
    29 | D:1      | Reached XP level 2. HP: 18/29 MP: 2/2
   687 | D:1      | Reached XP level 3. HP: 35/35 MP: 3/3
  1054 | D:2      | Reached skill level 1 in Invocations
  1117 | D:1      | Reached skill level 1 in Short Blades
  1117 | D:1      | Reached skill level 1 in Long Blades
  1117 | D:1      | Reached skill level 1 in Maces & Flails
  1117 | D:1      | Reached skill level 1 in Polearms
  1117 | D:1      | Reached skill level 1 in Staves
  1117 | D:1      | Reached skill level 1 in Slings
  1117 | D:1      | Reached skill level 1 in Bows
  1117 | D:1      | Reached skill level 1 in Crossbows
  1117 | D:1      | Reached skill level 1 in Throwing
  1117 | D:1      | Reached skill level 1 in Dodging
  1117 | D:1      | Reached skill level 1 in Stealth
  1117 | D:1      | Reached skill level 1 in Unarmed Combat
  1117 | D:1      | Reached skill level 1 in Spellcasting
  1117 | D:1      | Reached skill level 1 in Evocations
  1117 | D:1      | Reached XP level 4. HP: 33/41 MP: 5/5
  1212 | D:2      | Reached skill level 1 in Conjurations
  1212 | D:2      | Reached skill level 1 in Hexes
  1212 | D:2      | Reached skill level 1 in Summonings
  1212 | D:2      | Reached skill level 1 in Necromancy
  1212 | D:2      | Reached skill level 1 in Translocations
  1212 | D:2      | Reached skill level 1 in Transmutations
  1212 | D:2      | Reached skill level 1 in Fire Magic
  1212 | D:2      | Reached skill level 1 in Ice Magic
  1212 | D:2      | Reached skill level 1 in Air Magic
  1212 | D:2      | Reached skill level 1 in Earth Magic
  1212 | D:2      | Reached skill level 1 in Poison Magic
  1530 | D:2      | Found a transporter.
  1534 | D:2      | Found a blossoming altar of Fedhas.
  1607 | D:2      | Found a transporter.
  1906 | D:2      | Found an ancient bone altar of Kikubaaqudgha.
  1945 | D:2      | You fall into a shaft and drop 1 floor!
  2210 | D:2      | Reached XP level 5. HP: 42/47 MP: 6/6
  2249 | D:3      | Learned a level 1 spell: Corona
  2498 | D:3      | Noticed Grinder
  2499 | D:3      | Noticed Grinder
  2499 | D:3      | Grinder changed into Grinder the hellwing
  2515 | D:3      | Killed Grinder the hellwing
  2516 | D:3      | Reached skill level 5 in Axes
  2516 | D:3      | Reached XP level 6. HP: 11/53 MP: 7/9
  3137 | D:3      | Noticed Ijyb
  3162 | D:3      | Killed Ijyb
  3329 | D:4      | Noticed Blork the orc
  3335 | D:4      | Killed Blork the orc
  3336 | D:4      | Reached XP level 7. HP: 56/59 MP: 10/10
  3358 | D:4      | Found a sand-covered staircase.
  3396 | Ossuary  | Entered an ossuary
  3878 | Ossuary  | Reached XP level 8. HP: 49/67 MP: 12/12
  4350 | D:4      | Gained mutation: Your body sometimes deteriorates upon
                  | taking damage. [potion of mutation]
  4350 | D:4      | Gained mutation: Your magical capacity is low. (-10% MP)
                  | [potion of mutation]
  4350 | D:4      | Gained mutation: You are strong-willed. (Will+) [potion of
                  | mutation]
  5133 | D:4      | Found a sacrificial altar of Ru.
  5626 | D:5      | Entered Level 5 of the Dungeon
  5688 | D:5      | Found a hide-covered altar of Uskayaw.
  5819 | D:5      | Reached XP level 9. HP: 72/73 MP: 13/13
  7092 | D:6      | Found Lose's Book Shoppe.
  7492 | D:5      | Lost mutation: You are strong-willed. (Will+) [potion of
                  | mutation]
  7492 | D:5      | Lost mutation: Your body sometimes deteriorates upon taking
                  | damage. [potion of mutation]
  7492 | D:5      | Lost mutation: Your magical capacity is low. (-10% MP)
                  | [potion of mutation]
  7492 | D:5      | Gained mutation: You are partially covered in molten
                  | scales. (AC +2) [potion of mutation]
  7492 | D:5      | Gained mutation: You possess an exceptional clarity of
                  | mind. [potion of mutation]
  7636 | D:6      | Noticed a cyclops
  7636 | D:6      | Noticed a two-headed ogre
  7644 | D:6      | Found a white marble altar of Elyvilon.
  8210 | D:6      | Reached skill level 5 in Invocations
  8264 | D:6      | Got a warped cloak
  8295 | D:5      | Identified the cursed -2 cloak of the Shore {Rampage rF+
                  | Will+ Stlth+} (You found it on level 6 of the Dungeon)
  8564 | D:6      | Reached XP level 10. HP: 76/80 MP: 17/17
  9078 | D:6      | Found a glowing silver altar of Zin.
  9078 | D:6      | Found a shimmering blue altar of Sif Muna.
  9140 | D:6      | Found a shimmering blue altar of Sif Muna.
  9158 | D:6      | Reached skill level 5 in Short Blades
  9158 | D:6      | Reached skill level 5 in Long Blades
  9158 | D:6      | Reached skill level 5 in Maces & Flails
  9158 | D:6      | Reached skill level 5 in Polearms
  9158 | D:6      | Reached skill level 5 in Staves
  9158 | D:6      | Reached skill level 5 in Slings
  9158 | D:6      | Reached skill level 5 in Bows
  9158 | D:6      | Reached skill level 5 in Crossbows
  9158 | D:6      | Reached skill level 5 in Throwing
  9158 | D:6      | Reached skill level 5 in Dodging
  9158 | D:6      | Reached skill level 5 in Stealth
  9158 | D:6      | Reached skill level 5 in Unarmed Combat
  9158 | D:6      | Reached skill level 5 in Spellcasting
  9158 | D:6      | Reached skill level 5 in Evocations
 10473 | D:7      | Found a staircase to the Ecumenical Temple.
 10513 | Temple   | Entered the Ecumenical Temple
 10729 | Temple   | Became a worshipper of Warmaster Okawaru
 11078 | D:8      | Noticed a two-headed ogre
 11099 | D:7      | Killed a two-headed ogre
 11458 | D:8      | Noticed a two-headed ogre
 11980 | D:8      | Killed a two-headed ogre
 11980 | D:8      | Reached * piety under Okawaru
 12475 | D:9      | Reached XP level 11. HP: 61/87 MP: 16/19
 12580 | D:9      | Reached ** piety under Okawaru
 12717 | D:9      | Reached skill level 5 in Conjurations
 12717 | D:9      | Reached skill level 5 in Hexes
 12717 | D:9      | Reached skill level 5 in Summonings
 12717 | D:9      | Reached skill level 5 in Necromancy
 12717 | D:9      | Reached skill level 5 in Translocations
 12717 | D:9      | Reached skill level 5 in Transmutations
 12717 | D:9      | Reached skill level 5 in Fire Magic
 12717 | D:9      | Reached skill level 5 in Ice Magic
 12717 | D:9      | Reached skill level 5 in Air Magic
 12717 | D:9      | Reached skill level 5 in Earth Magic
 12717 | D:9      | Reached skill level 5 in Poison Magic
 12907 | D:9      | Found a radiant altar of Vehumet.
 13206 | D:10     | Entered Level 10 of the Dungeon
 13491 | D:10     | Noticed an oklob plant
 13525 | D:10     | Found a staircase to the Lair.
 13540 | D:10     | Found Uqofie's Antique Weapon Boutique.
 13795 | D:10     | Killed an oklob plant
 13876 | D:10     | Reached *** piety under Okawaru
 13973 | D:10     | Found Fit Koip's Armour Boutique.
 14174 | D:10     | Found a staircase to the Orcish Mines.
 14187 | D:10     | Bought a +2 pair of boots of flying for 215 gold pieces
 14192 | D:10     | Bought a +0 pair of gloves for 45 gold pieces
 14454 | Lair:1   | Entered Level 1 of the Lair of Beasts
 14460 | Lair:1   | Received a gift from Okawaru
 14707 | D:10     | Noticed a fire dragon
 14707 | D:10     | Noticed an ice dragon
 14707 | D:10     | Noticed a fire dragon
 14708 | D:10     | Found the +2 shield of Resistance {rF++ rC++ Will++}
 14708 | D:10     | Found a runed translucent door.
 14708 | D:10     | Noticed an ice dragon
 14712 | D:10     | Found a runed translucent door.
 15190 | D:11     | Noticed Psyche
 15213 | D:10     | HP: 4/88 [something (6)]
 15213 | D:10     | Killed from afar by Psyche

Illustrated notes

Levels and vault maps discovered:
D:1:      dpeg_arrival_central, layout_basic, grunt_decor_fettered
D:2:      layout_rooms, lemuel_coloured_pillars_altar,
          gammafunk_temple_overflow_arena, serial_bayou_pond_c
D:3:      minmay_razor_zed, layout_loops_cross, uniq_ijyb, uniq_grinder
D:4:      minmay_general_purpose_star, layout_basic,
          nicolae_ossuary_entry_false_entrances,
          nicolae_ru_the_path_less_chosen, uniq_blork_the_orc
D:5:      layout_basic, nicolae_overflow_hidden_temple, basic_altar,
          lemuel_another_geyser
D:6:      kennysheep_orc_sif_temple, layout_cave_pools,
          gammafunk_temple_overflow_wave, serial_gnoll_camp,
          gnoll_camp_medium_02, gnoll_camp_mini_shop, gnoll_camp_mini_loothouse,
          gnoll_camp_huts_basic, gnoll_camp_mini_house, basic_altar,
          lightli_corner_chamber
D:7:      layout_loops_cross, lemuel_temple_firewalk_a
D:8:      layout_basic, glass_columns_b
D:9:      layout_rooms, vehumet_crystals, serial_bayou_crossing
D:10:     layout_irregular_city, dpeg_oklobed_lair, orc_david_3, serial_shops,
          shop_fountains, minmay_guarded_unrand_resistance
D:11:     layout_loops_ring, uniq_psyche, uniq_maurice
Temple:   dpeg_chambers_temple
Lair:1:   layout_layer_cave

Skill      XL: |  1  2  3  4  5  6  7  8  9 10 11 |
---------------+----------------------------------+-----
Invocations    | 1 2 3 4 5 6 7 |  7.2
Short Blades   | 1 2 3 4 5 6 |  6.6
Long Blades    | 1 2 3 4 5 6 |  6.6
Maces & Flails | 1 2 3 4 5 6 |  6.6
Polearms       | 1 2 3 4 5 6 |  6.6
Staves         | 1 2 3 4 5 6 |  6.6
Slings         | 1 2 3 4 5 6 |  6.6
Bows           | 1 2 3 4 5 6 |  6.6
Crossbows      | 1 2 3 4 5 6 |  6.6
Throwing       | 1 2 3 4 5 6 |  6.6
Dodging        | 1 2 3 4 5 6 |  6.6
Stealth        | 1 2 3 4 5 6 |  6.6
Unarmed Combat | 1 2 3 4 5 6 |  6.6
Spellcasting   | 1 2 3 4 5 6 |  6.6
Evocations     | 1 2 3 4 5 6 |  6.6
Conjurations   | 1 2 3 4 5 |  5.5
Hexes          | 1 2 3 4 5 |  5.5
Summonings     | 1 2 3 4 5 |  5.5
Necromancy     | 1 2 3 4 5 |  5.5
Translocations | 1 2 3 4 5 |  5.5
Transmutations | 1 2 3 4 5 |  5.5
Fire Magic     | 1 2 3 4 5 |  5.5
Ice Magic      | 1 2 3 4 5 |  5.5
Air Magic      | 1 2 3 4 5 |  5.5
Earth Magic    | 1 2 3 4 5 |  5.5
Poison Magic   | 1 2 3 4 5 |  5.5
Axes           | 5 6 7 8 |  8.1
Fighting       | 7 8 9 |  9.4
Armour         | 7 8 9 |  9.4
Shields        | 7 8 9 |  9.4

Action                   |  1- 3 |  4- 6 |  7- 9 | 10-12 || total
-------------------------+-------+-------+-------+-------++-------
Melee: War axe           |   125 |   142 |   317 |   527 ||  1111
       Bite              |    12 |    15 |    86 |    75 ||   188
       Spear             |       |       |   283 |       ||   283
 Fire: Hunting sling     |       |    61 |    56 |   199 ||   316
Throw: Stone             |    49 |     1 |    36 |     7 ||    93
       Dart              |       |       |    26 |     8 ||    34
Invok: Heroism           |       |       |       |     3 ||     3
Evoke: Wand              |       |     1 |     2 |    11 ||    14
  Use: Scroll            |     4 |     6 |     5 |     7 ||    22
       Potion            |       |     4 |     5 |       ||     9
 Stab: Paralysed         |       |       |       |    11 ||    11
Armor: Scale mail        |    53 |    63 |       |       ||   116
       Chain mail        |       |     3 |   125 |       ||   128
       Plate armour      |       |       |    87 |   220 ||   307
Dodge: Dodged            |    60 |    59 |   159 |   131 ||   409
Block: Kite shield       |    89 |   111 |   281 |   299 ||   780
